 Seeded DCSS version 0.30.1-9-gdf580d7c3d (webtiles) character file.

Game seed: 7229806256980976716 (custom seed)

83 Psyclone the Digger (level 5, 38/38 HPs)
             Began as a Meteoran Earth Elementalist on Oct 16, 2023.
             Quit the game on level 3 of the Dungeon.
             The game lasted 00:02:34 (827 turns).

Psyclone the Digger (Meteoran Earth Elementalist)    Turns: 827, Time: 00:02:35

Health: 38/38      AC:  5    Str:  9    XL:     5   Next: 2%
Magic:  12/12      EV: 12    Int: 18    God:
Gold:   3836       SH:  0    Dex: 15    Spells: 6/12 levels left

rFire   . . .        (no weapon)
rCold   . . .        (no shield)
rNeg    . . .        a - +0 robe
rPois   .            (no helmet)
rElec   .            (no cloak)
rCorr   .            l - +0 pair of gloves
SInv    .            (no boots)
Will    .....        (no amulet)
Stlth   +            (no ring)
HPRegen 0.26/turn    (no ring)
MPRegen 0.13/turn

%: no passive effects
@: glowing
A: sense surroundings 1, otherworldly, glowing, explore regen, iridescent scales
1, evolution 2, MP-powered wands, noise suppression
a: no special abilities


You were on level 3 of the Dungeon.
You visited 1 branch of the dungeon, and saw 3 of its levels.

You collected 3836 gold pieces.

Inventory:

Missiles
 d - a throwing net {!f}
Armour
 a - a +0 robe (worn)
 l - a +0 pair of gloves (worn)
Scrolls
 c - 3 scrolls of amnesia {unknown}
 e - a scroll of identify {unknown}
 f - a scroll of blinking {unknown}
 h - a scroll of enchant armour {unknown}
Potions
 b - a potion of magic
 g - a potion of might {unknown}
 i - 2 potions of curing {unknown}
 j - a potion of invisibility {unknown}
 k - a potion of brilliance {unknown}
 m - a potion of mutation


   Skills:
 - Level 2.4 Dodging
 - Level 1.4 Stealth
 * Level 4.1 Spellcasting
 + Level 2.3 Transmutations
 * Level 4.8 Earth Magic


You had 6 spell levels left.
You knew the following spells:

 Your Spells              Type           Power      Damage    Failure   Level
a - Sandblast             Erth           42%        2d11      1%          1
b - Passwall              Tmut/Erth      13%        N/A       4%          2
c - Stone Arrow           Conj/Erth      24%        3d8       16%         3

Your spell library contained the following spells:

 Spells                   Type           Power      Damage    Failure   Level
 Cigotuvi's Dreadful Rot  Necr/Pois/Air  6%         N/A       22%         2
 Poisonous Vapours        Pois/Air       6%         N/A       22%         2
 Petrify                  Tmut/Erth      16%        N/A       32%         4
 Mephitic Cloud           Conj/Pois/Air  3%         N/A       41%         3
 Dispel Undead            Necr           3%         3d7       82%         4
 Freezing Cloud           Conj/Ice/Air   1%         6-21      99%         5
 Death Channel            Necr           1%         N/A       100%        6


Dungeon Overview and Level Annotations

Branches:
Dungeon (3/15) Zot: 952

Altars:
Zin

Annotations:
D:3 3 runed translucent doors, kaesle's ghost, amateur HOFi


Innate Abilities, Weirdness & Mutations

You passively map a small area around you.
You are easily found by Zot.
You glow in the dark.
You regain HP and MP as you explore.
You are partially covered in iridescent scales. (AC +2)
You have great hidden genetic potential.
You expend magic power (3 MP) to strengthen your wands.
You passively dampen the noise of your surroundings.


Message History

Confirm with . or Enter, or press ? or * to list all spells.
You can't see any susceptible monsters within range! (Use Z to cast anyway.) Unknown command.
Casting: Sandblast (safe; 1% risk of failure)
Confirm with . or Enter, or press ? or * to list all spells.
You can't see any susceptible monsters within range! (Use Z to cast anyway.) Unknown command.
Found 5 stones.
You regained 2 mp, and now have 7/12 mp.
HP restored.
You see here 5 stones.
Key pressed, stopping explore.
A giant cockroach comes into view.
Health restored: 38 You regained 2 mp, and now have 9/12 mp.
A giant cockroach is nearby!
A giant cockroach is nearby!
A giant cockroach is nearby!
Casting: Sandblast (safe; 1% risk of failure)
Confirm with . or Enter, or press ? or * to list all spells.
Aiming: Sandblast (safe; 1% risk of failure)
Press: ? - help, Shift-Dir - straight line, f - giant cockroach
Aim: a giant cockroach (83% to hit)
The blast of sand hits the giant cockroach.
You kill the giant cockroach!
You now have 8/12 mp.
Casting: Sandblast (safe; 1% risk of failure)
Confirm with . or Enter, or press ? or * to list all spells.
You can't see any susceptible monsters within range! (Use Z to cast anyway.) Unknown command.
Found 2 gold pieces.
Found an escape hatch in the ceiling.
MP restored: 12 You see here 2 gold pieces.
You see here a jackal corpse.
You see here a jackal corpse.
You see here a scroll labelled ISYPAI JAGUE.
You see here 9 gold pieces.
Unknown command.
Are you sure you want to abandon this character and quit the game? (Confirm with "yes".)

#)# #.§ #.# #.≈
#.# #.≈
##########.# #)≈
#..........## ##..
#.....####..# #.##
#.....# #..# #.##
#.....####..###.>.
#@......#....#..##
#.?...#.)....#.##
#.....###.#..#.#
#.....###.#....#
#.[...#.......###
###.###.(###....#
##......# #.##.##
#..†###.# #.*#...
#..†###.# #. ####


There were no monsters in sight!

Vanquished Creatures
  A jelly (D:2)
  An adder (D:2)
  An ufetubus (D:3)
  A worm (D:3)
  2 ball pythons
  2 bats
  3 endoplasms
  4 giant cockroaches
  A hobgoblin (D:1)
  10 jackals
  2 quokkas
  A frilled lizard (D:1)
  3 rats
32 creatures vanquished.

Notes
Turn   | Place    | Note
-------+----------+-------------------------------------------
     0 | D:1      | Psyclone the Meteoran Earth Elementalist began the quest
                  | for the Orb.
     0 | D:1      | Reached XP level 1. HP: 14/14 MP: 5/5
    64 | D:1      | Identified 3 scrolls of acquirement
    64 | D:1      | Acquired 1248 gold pieces
    65 | D:1      | Acquired 1275 gold pieces
    88 | D:1      | Acquired 1252 gold pieces
   159 | D:1      | Reached XP level 2. HP: 20/20 MP: 3/6
   193 | D:1      | Gained mutation: You are partially covered in iridescent
                  | scales. (AC +2) [potion of mutation]
   193 | D:1      | Gained mutation: You expend magic power (3 MP) to
                  | strengthen your wands. [potion of mutation]
   193 | D:1      | Gained mutation: You have hidden genetic potential. [potion
                  | of mutation]
   193 | D:1      | Gained mutation: You have great hidden genetic potential.
                  | [potion of mutation]
   301 | D:2      | Reached XP level 3. HP: 26/26 MP: 6/8
   325 | D:2      | Reached XP level 4. HP: 33/33 MP: 5/10
   328 | D:2      | Learned a level 2 spell: Passwall
   328 | D:2      | Gained mutation: You passively dampen the noise of your
                  | surroundings. [hidden potential]
   332 | D:2      | Learned a level 3 spell: Stone Arrow
   591 | D:3      | Found a runed translucent gate.
   591 | D:3      | Found a runed translucent gate.
   591 | D:3      | Found a runed translucent gate.
   650 | D:3      | Noticed kaesle's ghost (amateur HOFi)
   679 | D:3      | Found a glowing silver altar of Zin.
   756 | D:3      | Reached XP level 5. HP: 32/38 MP: 5/12
   827 | D:3      | Quit the game

Illustrated notes

Levels and vault maps discovered:
D:1:      spicycebolla_arrival_ecumenical, layout_loops_ring
D:2:      layout_basic
D:3:      layout_rooms, mainiacjoe_overflow_paths, gammafunk_ghost_necromancy

Skill      XL: |  1  2  3  4 |
---------------+-------------+-----
Spellcasting   | 3 4 |  4.1
Earth Magic    | 4 |  4.8
Transmutations | 2 |  2.3
Dodging        | |  2.4
Stealth        | |  1.4

Action                     |  1- 3 |  4- 6 || total
---------------------------+-------+-------++-------
  Melee: Unarmed           |       |     1 ||     1
   Cast: Sandblast         |    13 |    30 ||    43
         Passwall          |       |     3 ||     3
    Use: Scroll            |     3 |       ||     3
         Potion            |     1 |       ||     1
 Armour: Robe              |       |     8 ||     8
  Dodge: Dodged            |     1 |     6 ||     7
